 Dungeon Crawl Stone Soup version 0.27.1-3-gb3d3a73c9e (webtiles) character file.

Game seed: 17260488022134415071

48451 pkoi the Brawler (level 14, 0/118 HPs)
             Began as a Troll Fighter on Oct 19, 2021.
             Was the Champion of Dithmenos.
             Slain by an eight-headed hydra (4 damage)
             ... on level 6 of the Lair of Beasts.
             The game lasted 00:28:31 (14607 turns).

pkoi the Brawler (Troll Fighter)                   Turns: 14607, Time: 00:28:31

Health: 0/118      AC: 11    Str: 34    XL:     14   Next: 12%
Magic:  18/18      EV: 10    Int:  5    God:    Dithmenos [******]
Gold:   1105       SH: 21    Dex: 14    Spells: 8/13 levels left

rFire    . . .     SeeInvis .     - Unarmed
rCold    + . .     Faith    .   K - +1 tower shield {rC+}
rNeg     + . .     Spirit   .   h - +0 steam dragon scales
rPois    .         Reflect  .   j - +2 hat
rElec    .         Harm     .   s - +0 cloak
rCorr    .         Rampage  .   (gloves unavailable)
Will     +....                  (boots unavailable)
Stlth    ++++......             q - amulet of magic regeneration
HPRegen  1.29/turn              g - +4 ring of slaying
MPRegen  0.41/turn              M - ring of Generosity {rN+ Str+4 Dex+5 Slay+2}

@: lethally poisoned (0 -> -1), about to teleport, marked, wreathed by umbra
A: large, unfitting armour, claws 3, regeneration 1, shaggy fur 1, tough skin 1
a: Renounce Religion, Shadow Step, Shadow Form


You were on level 6 of the Lair of Beasts.
You worshipped Dithmenos.
Dithmenos was exalted by your worship.
You visited 3 branches of the dungeon, and saw 18 of its levels.
You also visited: Sewer and Ice Cave.

You collected 1105 gold pieces.

Inventory:

Missiles
 w - 5 javelins
 y - 4 throwing nets
 B - 5 large rocks
Armour
 h - +0 steam dragon scales (worn)
 j - a +2 hat (worn)
 s - a +0 cloak (worn)
 K - a +1 tower shield of cold resistance (worn)
Jewellery
 e - a ring of flight
 g - a +4 ring of slaying (left claw)
 q - an amulet of magic regeneration (around neck)
 E - a ring of positive energy
 M - the ring of Generosity (right claw) {rN+ Str+4 Dex+5 Slay+2}
   (You found it in an ice cave)

   [ring of positive energy]

   Str:       It affects your strength (+4).
   Dex:       It affects your dexterity (+5).
   Slay:      It affects your accuracy & damage with ranged weapons and melee
   (+2).
   rN:        It protects you from negative energy.
Wands
 m - a wand of iceblast (15)
 o - a wand of charming (12)
 z - a wand of polymorph (28)
 D - a wand of paralysis (11)
 G - a wand of mindburst (6) (quivered)
Scrolls
 c - a scroll of enchant weapon
 u - 6 scrolls of teleportation
 A - a scroll of brand weapon
 C - a scroll of magic mapping
 F - a scroll of fog
 H - a scroll of amnesia
 I - 2 scrolls of enchant armour
 J - 2 scrolls of blinking
Potions
 d - 4 potions of curing
 i - 2 potions of flight
 k - 2 potions of cancellation
 l - 8 potions of haste
 n - 4 potions of heal wounds
 r - 3 potions of resistance
 t - 2 potions of magic
 v - 4 potions of attraction {unknown}
 x - 3 potions of brilliance {unknown}
Miscellaneous
 L - a phantom mirror


   Skills:
 + Level 2.8 Fighting
 - Level 5.2 Armour
 - Level 6.0 Dodging
 + Level 2.9 Stealth
 + Level 10.7 Shields
 + Level 15.7 Unarmed Combat
 + Level 6.6 Invocations
 + Level 3.7 Evocations


You had 8 spell levels left.
You knew the following spells:

 Your Spells              Type           Power      Damage    Failure   Level
a - Blink                 Tloc           N/A        N/A       89%         2
b - Confusing Touch       Hex            0%         N/A       98%         3

Your spell library contained the following spells:

 Spells                   Type           Power      Damage    Failure   Level
 Slow                     Hex            0%         N/A       89%         2
 Frozen Ramparts          Ice            0%         1d2       98%         3
 Lesser Beckoning         Tloc           0%         N/A       98%         3
 Ozocubu's Armour         Ice            0%         N/A       98%         3
 Vampiric Draining        Necr           0%         2d6       98%         3
 Ice Form                 Ice/Tmut       0%         N/A       100%        4
 Summon Ice Beast         Ice/Summ       0%         N/A       100%        4
 Manifold Assault         Tloc           0%         N/A       100%        5
 Yara's Violent Unravell  Hex/Tmut       0%         3d3       100%        5
 Ozocubu's Refrigeration  Ice            0%         4d5       100%        7


Dungeon Overview and Level Annotations

Branches:
Dungeon (12/15)            Temple (1/1) D:5            Lair (6/6) D:11
    Orc (0/2) D:10          Sewer (visited)           IceCv (visited)
  Swamp: Lair:2-4    Shoals: Lair:2-4     Snake: Lair:2-4    Spider: Lair:2-4
  Slime: Lair:5-6

Altars:
Ashenzari
Cheibriados
Dithmenos
Elyvilon
Fedhas
Gozag
Hepliaklqana
Kikubaaqudgha
Makhleb
Nemelex Xobeh
Okawaru
Qazlal
Ru
Sif Muna
Trog
Uskayaw
Vehumet
Wu Jian
Xom
Yredelemnul
Zin
The Shining One
Beogh

Shops:
D:8 *

Annotations:
D:7 2 transporters, jessy's ghost, novice MiGl
Lair:1 exclusion: 4 oklob plants
Lair:6 2 runed translucent doors


Innate Abilities, Weirdness & Mutations

You are too large for most types of armour.
You have claws for hands.
Your natural rate of healing is unusually fast.
You are covered in fur. (AC +1)
You have tough skin. (AC +1)


Message History

The black mamba bites you!
* * * LOW HITPOINT WARNING * * *
Unknown command.
As you read the scroll of teleportation, it crumbles to dust.
You feel strangely unstable.
You feel sick. You block the black mamba's attack.
You block the eight-headed hydra's attack.
The eight-headed hydra bites you but does no damage.
You block the eight-headed hydra's attack. x2
The eight-headed hydra bites you but does no damage.
The eight-headed hydra closely misses you.
The eight-headed hydra bites you.
* * * LOW HITPOINT WARNING * * *
The eight-headed hydra bites you but does no damage.
The komodo dragon barely misses you.
The blink frog blinks!
Unknown command.
Unknown command.
Unknown command.
You mangle the black mamba!!
The black mamba is severely wounded.
Your shadow hits the black mamba.
You feel sick. You block the black mamba's attack.
The blink frog blinks!
You block the eight-headed hydra's attack. x2
The eight-headed hydra bites you but does no damage. x6
You block the komodo dragon's attack. The black mamba barely misses you.
Unknown command.
You barely miss the black mamba.
The black mamba is severely wounded.
You feel sick.
The black mamba bites you but does no damage.
The eight-headed hydra bites you!
* * * LOW HITPOINT WARNING * * *
You emit a cloud of dark smoke.
The eight-headed hydra bites you.
* * * LOW HITPOINT WARNING * * *
The eight-headed hydra bites you.
* * * LOW HITPOINT WARNING * * *
The eight-headed hydra bites you.
* * * LOW HITPOINT WARNING * * *
The eight-headed hydra bites you but does no damage. x2
The eight-headed hydra bites you.
You die...

..#..# ≈#.+...
...+...
####### .#...
..P#..P #...
...P(.. #..
.....#
#D##S....#
#@SYF...#
##lY.P..#
#.F......#
#...Y...#P.###
#...##.#.....#
.... .......##
... ....§.....
.. ..........
. #..F.....F.


You could see an eight-headed hydra, 2 elephants, a komodo dragon, 2 black
mambas, a cane toad and a blink frog.

Vanquished Creatures
  A dire elephant (Lair:5)
  Harold (D:7)
  A boulder beetle (Lair:6)
  Erolcha (D:10)
  3 hydras
  2 two-headed ogres
  Erica (D:8)
  Pikel (D:8)
  A necromancer (IceCv)
  A lindwurm (Lair:3)
  An orc knight (D:10)
  An ugly thing (IceCv)
  7 elephants (Lair:6)
  A manticore (D:11)
  Maurice (D:8)
  A gargoyle (D:11)
  Joseph (D:10)
  An ice statue (IceCv)
  8 cane toads
  Maggie (D:8)
  A rime drake (Lair:3)
  3 freezing wraiths
  3 anaconda simulacra (IceCv)
  13 ice devils (IceCv)
  7 komodo dragons
  A komodo dragon (shapeshifter) (D:9)
  3 entropy weaver simulacra (IceCv)
  Prince Ribbit (D:7)
  3 blink frogs (Lair:3)
  4 dream sheep (Lair:3)
  A dire elephant simulacrum (IceCv)
  A shadow (D:10)
  A vampire (D:10)
  5 wyverns
  A wraith (D:11)
  24 yaks
  A steam dragon (D:8)
  Eustachio (D:4)
  2 death yak simulacra (IceCv)
  4 vampire mosquitoes (D:12)
  2 basilisks
  A harpy simulacrum (IceCv)
  Menkaure (D:7)
  An acid dragon (D:9)
  3 black bears
  12 orc warriors
  14 water moccasins
  2 ice beasts
  A sky beast (D:7)
  2 hornet zombies
  11 centaurs
  2 ogres
  9 wolves
  A lemure (D:8)
  A phantom (D:6)
  5 kobold brigands
  14 bullfrogs
  A gnoll sergeant (D:6)
  2 scorpions
  5 cane toad simulacra (IceCv)
  7 elephant simulacra (IceCv)
  3 killer bees (D:9)
  3 wights (D:10)
  7 howler monkeys
  4 centaur zombies
  A bullfrog zombie (D:7)
  A gnoll shaman (D:9)
  5 orc priests
  A bullfrog skeleton (D:6)
  A hound (D:5)
  A jelly (D:6)
  A centaur skeleton (D:7)
  Jessica (D:2)
  6 orc wizards
  2 troll simulacra (IceCv)
  6 wolf simulacra (IceCv)
  A howler monkey zombie (D:8)
  9 gnolls
  6 adders
  6 river rats
  2 white imps
  5 ufetubi
  A dart slug (D:2)
  50 orcs
  8 endoplasms
  5 giant cockroaches
  2 goblins
  5 hobgoblins
  6 jackals
  3 quokkas
  12 ball pythons
  7 bats
  8 frilled lizards
  25 kobolds
  32 rats
449 creatures vanquished.

Vanquished Creatures (others)
  A bush (Lair:6)
  21 fungi
  40 plants
62 creatures vanquished.

Grand Total: 511 creatures vanquished

Notes
Turn   | Place    | Note
-------+----------+-------------------------------------------
     0 | D:1      | pkoi the Troll Fighter began the quest for the Orb.
     0 | D:1      | Reached XP level 1. HP: 22/22 MP: 0/0
   281 | D:1      | Reached XP level 2. HP: 29/29 MP: 1/1
   526 | D:1      | Found a faded altar of an unknown god.
  1161 | D:2      | Reached skill level 3 in Unarmed Combat
  1161 | D:2      | Reached XP level 3. HP: 29/36 MP: 2/2
  1177 | D:2      | Noticed Jessica
  1186 | D:2      | Killed Jessica
  1305 | D:2      | Reached XP level 4. HP: 42/44 MP: 3/3
  1867 | D:3      | Reached skill level 4 in Unarmed Combat
  2342 | D:4      | Noticed Eustachio
  2382 | D:4      | Killed Eustachio
  2383 | D:4      | Reached skill level 5 in Unarmed Combat
  2383 | D:4      | Reached XP level 5. HP: 50/50 MP: 4/4
  2941 | D:5      | Entered Level 5 of the Dungeon
  3009 | D:5      | Noticed an ogre
  3095 | D:5      | Found a staircase to the Ecumenical Temple.
  3165 | Temple   | Entered the Ecumenical Temple
  3249 | Temple   | Became a worshipper of Dithmenos the Shadowed
  3262 | D:5      | Killed an ogre
  3263 | D:5      | Reached XP level 6. HP: 46/59 MP: 5/5
  3481 | D:5      | Reached skill level 6 in Unarmed Combat
  3936 | D:6      | Identified the +6 war axe "Ixkakh" {holy, Fly rC- rCorr
                  | Str+6}
  3949 | D:6      | Reached XP level 7. HP: 22/66 MP: 6/6
  4048 | D:6      | Found a glowing drain.
  4053 | Sewer    | Entered a sewer
  4195 | Sewer    | Reached * piety under Dithmenos
  4263 | Sewer    | Reached skill level 7 in Unarmed Combat
  4431 | Sewer    | Reached ** piety under Dithmenos
  4737 | D:6      | Reached skill level 5 in Shields
  4744 | D:6      | Reached XP level 8. HP: 74/74 MP: 7/7
  4772 | D:5      | Reached skill level 8 in Unarmed Combat
  5133 | D:6      | Reached skill level 9 in Unarmed Combat
  5327 | D:7      | Noticed Menkaure
  5334 | D:7      | Killed Menkaure
  5414 | D:7      | Noticed Harold
  5430 | D:7      | Killed Harold
  5431 | D:7      | Reached skill level 10 in Unarmed Combat
  5431 | D:7      | Reached XP level 9. HP: 70/80 MP: 8/8
  5497 | D:7      | Found a transporter.
  5500 | D:7      | Found a bloodstained altar of Trog.
  5500 | D:7      | Noticed jessy's ghost (novice MiGl)
  5529 | D:7      | Found a transporter.
  5552 | D:7      | Noticed Prince Ribbit
  5562 | D:7      | Killed Prince Ribbit
  5587 | D:7      | Reached *** piety under Dithmenos
  5831 | D:7      | Noticed an orc sorcerer
  5833 | D:7      | Noticed a soul eater
  5837 | D:7      | Noticed a smoke demon
  5838 | D:7      | Noticed a sun demon
  5920 | D:7      | Noticed a moth of wrath
  6536 | D:7      | Noticed a two-headed ogre
  6786 | D:8      | Noticed Erica
  6796 | D:8      | Killed Erica
  6797 | D:8      | Reached skill level 11 in Unarmed Combat
  6919 | D:8      | Noticed Maurice
  7034 | D:8      | Noticed Maggie
  7035 | D:8      | Reached XP level 10. HP: 88/88 MP: 9/9
  7040 | D:8      | Killed Maggie
  7272 | D:8      | Noticed Pikel
  7292 | D:8      | Killed Pikel
  7293 | D:8      | Reached skill level 12 in Unarmed Combat
  7293 | D:8      | Reached skill level 1 in Invocations
  7324 | D:8      | Reached skill level 1 in Armour
  7416 | D:8      | Killed Maurice
  7482 | D:8      | Found Impaato's Island Escapes.
  8538 | D:9      | Found a shimmering altar of Xom.
  8575 | D:9      | Found a basalt altar of Yredelemnul.
  8582 | D:9      | Reached **** piety under Dithmenos
  8608 | D:9      | Found a shimmering altar of Xom.
  8609 | D:9      | Found a shimmering altar of Xom.
  8609 | D:9      | Found a shimmering altar of Xom.
  8609 | D:9      | Found a shimmering altar of Xom.
  8609 | D:9      | Found a shimmering altar of Xom.
  8609 | D:9      | Found a shimmering altar of Xom.
  8610 | D:9      | Found a shimmering altar of Xom.
  8611 | D:9      | Found a shimmering altar of Xom.
  8611 | D:9      | Noticed a two-headed ogre
  8619 | D:9      | Killed a two-headed ogre
  8731 | D:10     | Entered Level 10 of the Dungeon
  8806 | D:10     | Found a glowing golden altar of the Shining One.
  8866 | D:10     | Reached XP level 11. HP: 89/94 MP: 12/12
  8991 | D:10     | Found a glowing silver altar of Zin.
  8992 | D:10     | Noticed Erolcha
  8999 | D:10     | Killed Erolcha
  9274 | D:10     | Found an iron altar of Okawaru.
  9276 | D:10     | Noticed Joseph
  9286 | D:10     | Killed Joseph
  9287 | D:10     | Reached skill level 13 in Unarmed Combat
  9321 | D:10     | Found a staircase to the Orcish Mines.
  9329 | D:10     | Reached skill level 14 in Unarmed Combat
  9329 | D:10     | Reached XP level 12. HP: 104/104 MP: 13/13
  9548 | D:10     | Found an opulent altar of Gozag.
  9575 | D:11     | Noticed a seven-headed hydra
  9808 | D:11     | Noticed a two-headed ogre
  9817 | D:11     | Killed a two-headed ogre
 10108 | D:11     | Reached skill level 10 in Shields
 10117 | D:11     | Found a staircase to the Lair.
 10715 | D:11     | Reached ***** piety under Dithmenos
 10737 | D:10     | Killed a 12-headed hydra
 10830 | D:12     | Noticed a death knight
 10840 | D:12     | Reached skill level 5 in Dodging
 11230 | Lair:1   | Entered Level 1 of the Lair of Beasts
 11393 | Lair:1   | Reached skill level 1 in Evocations
 11472 | Lair:1   | Reached XP level 13. HP: 62/110 MP: 15/15
 11610 | Lair:1   | Reached skill level 5 in Invocations
 11983 | Lair:2   | Reached skill level 15 in Unarmed Combat
 12005 | Lair:2   | Found a glowing silver altar of Zin.
 12090 | Lair:2   | Reached skill level 1 in Stealth
 12981 | Lair:3   | Reached skill level 5 in Armour
 13138 | Lair:3   | You fall into a shaft and drop 3 floors!
 13138 | Lair:6   | Entered Level 6 of the Lair of Beasts
 13142 | Lair:6   | Found a frozen archway.
 13148 | IceCv    | Entered an ice cave
 13188 | IceCv    | Reached ****** piety under Dithmenos
 13493 | IceCv    | Found an ancient bone altar of Kikubaaqudgha.
 13888 | IceCv    | HP: 3/110 [entropy weaver simulacrum (19)]
 13991 | IceCv    | Learned a level 2 spell: Blink
 13995 | IceCv    | Learned a level 3 spell: Confusing Touch
 14254 | IceCv    | Identified the ring of Generosity {rN+ Str+4 Dex+5 Slay+2}
 14410 | Lair:6   | Reached XP level 14. HP: 111/118 MP: 17/17
 14604 | Lair:6   | Found a large runed translucent door.
 14604 | Lair:6   | Found a large runed translucent door.
 14607 | Lair:6   | HP: 5/118 [eight-headed hydra (1)]
 14607 | Lair:6   | Slain by an eight-headed hydra

Illustrated notes

Levels and vault maps discovered:
D:1:      psy_arrival_conway, layout_basic, serial_bayou, serial_bayou_lagoon_a,
          serial_bayou_pond_c, serial_bayou_ford_a, serial_bayou_lake_a,
          hellmonk_ecumenical_altar_defaced_shrine, minivault_27
D:2:      layout_basic, uniq_jessica
D:3:      layout_loops_ring, chequers_serial_rivers_micro_e
D:4:      layout_loops_ring, uniq_eustachio
D:5:      layout_gridville, minmay_temple_entry_large_hall,
          serial_co_window_serial, co_window_of_opportunity_a,
          co_window_corner_a, co_window_of_opportunity_a, co_window_corner_a,
          co_window_corner_a, co_window_broadway_c, co_window_paths_c,
          co_window_2corner, co_window_broadway_b, co_window_corner_ca,
          co_window_paths_c, co_window_4corner_b, glass_columns_c,
          glass_columns_b
D:6:      layout_rooms, portal_sewer_entry_e, minivault_22
D:7:      cheibrodos_wizards_tower, layout_layer_cave,
          gammafunk_ghost_wrathful_warriors, minmay_microvault,
          uniq_prince_ribbit1, uniq_harold, uniq_menkaure
D:8:      layout_basic, nicolae_island_escapes, uniq_maggie, uniq_maurice,
          uniq_pikel, uniq_erica
D:9:      layout_rooms, kennysheep_little_box, xom_shifter_show
D:10:     layout_roguey, okawaru_gym_becter, amcnicky_altar_gilded,
          pdpol_temple_overflow_zin_treasury_gozag_greed,
          minmay_orc_entry_temple_small, uniq_joseph, uniq_erolcha
D:11:     layout_roguey, minmay_lair_entry_grove, special_room
          [special_room_orc]
D:12:     layout_roguey
Temple:   nicolae_temple_x_marks_the_god
Lair:1:   layout_big_grid, minmay_lair_oklob_chamber
Lair:2:   layout_cave_pods, basic_altar
Lair:3:   layout_gridlike, minmay_shoals_entry_hut,
          nicolae_spider_entry_orb_guardian, st_stairs_4, beast_lair_carwin_6,
          lemuel_fruit_fields, serial_bayou_shore_a
Lair:5:   layout_regular_city, uniq_urug
Lair:6:   grunt_lair_end_beastmaster, layout_loops_ring,
          dpeg_slime_entry_enclosed_altar, portal_ice_cave_entry_pillars_1,
          nicolae_volcano_entry_lava_flow, ebering_ghost_disaster_area

Skill      XL: |  1  2  3  4  5  6  7  8  9 10 11 12 13 |
---------------+----------------------------------------+-----
Unarmed Combat | 3 5 6 7 10 11 12 14 15 | 15.7
Shields        | 3 4 5 6 7 8 9 10 | 10.7
Invocations    | 3 4 6 |  6.6
Armour         | 2 3 4 5 |  5.2
Dodging        | 3 4 5 6 |  6.0
Evocations     | 1 3 |  3.7
Stealth        | 2 |  2.9
Fighting       | |  2.8

Action                   |  1- 3 |  4- 6 |  7- 9 | 10-12 | 13-15 || total
-------------------------+-------+-------+-------+-------+-------++-------
Melee: Unarmed           |    83 |   148 |   286 |   400 |   423 ||  1340
Evoke: Wand              |       |       |       |       |     3 ||     3
  Use: Scroll            |       |     8 |     6 |     7 |     5 ||    26
       Potion            |       |       |       |     2 |     1 ||     3
 Stab: Sleeping          |       |       |     1 |       |     2 ||     3
Armor: Robe              |    27 |    32 |    94 |       |       ||   153
       Steam dragon scal |       |       |       |   146 |   143 ||   289
Dodge: Dodged            |    21 |    38 |    96 |   135 |   138 ||   428
Block: Kite shield       |    41 |    59 |   205 |   248 |   146 ||   699
       Tower shield      |       |       |       |       |   188 ||   188
